wizbiz, neutral female human Wizard ------ --- |..... .| |....| --------- >| -------- |.....###*## ......... . |......| |.[..| # ...(..... . |......| -.---- #-... ......| ### ### ..... # # # . . ### ### # ### # # `### - -- # # ################################################### ...| ## # ### -------.-### ### ## .....| -----.-# |.......| ## .| |.....|# |.......| # # .... | |.....|# |.....#.| -+---- # ....| |....*|# |.......| |....-######### .[.| |.....|# --------- +....| ---- |......# |.<..| ------- ------ wizbiz the Conjurer Experience level: 3 Strength: 12 Dexterity: 16 Constitution: 10 Intelligence: 17 Wisdom: 9 Charisma: 11 Health: 22(22) Energy: 16(23) Def: 5 Gold: 107 Moves: 551 Dungeon seed: a1Pp4wwMm6u1mIP- Game ID: wizbiz_1528486944 Your Inventory: Coins $ - 107 gold pieces Weapons a - a blessed +1 quarterstaff (weapon in hands) Armor e - a blessed +3 cloak of magic resistance (being worn) n - an uncursed +0 orcish helm (being worn) Scrolls i - an uncursed scroll of teleportation k - an uncursed scroll of confuse monster q - an uncursed scroll of enchant weapon Spellbooks l - a blessed spellbook of force bolt m - an uncursed spellbook of detect monsters Potions f - a blessed potion of healing g - an uncursed potion of gain energy h - an uncursed potion of object detection o - an uncursed potion of booze p - 2 uncursed potions of confusion Rings c - an uncursed ring of regeneration d - an uncursed ring of invisibility (on left hand) Wands b - a wand of digging (0:8) Spells and supernatural/magical abilities: Name Level Category Fail Memory a - force bolt 1 attack 0% 98% n - detect monsters 1 divination 0% 98% W - pray for help -- divine ? -- Your skills at the end: Fighting Skills Weapon Skills quarterstaff [Basic] Spellcasting Skills attack spells [Basic] enchantment spells [Basic] Final Attributes: You had transgressed. You were magic-protected. You were invisible. You were unlucky. You survived. Vanquished creatures: a kitten 2 jackals a goblin 3 grid bugs 3 lichens 2 newts 12 creatures vanquished. Voluntary challenges: You went without food. You were an atheist. You used a wielded weapon 10 times, starting on turn 70. You read items or engraved 1 time, starting on turn 1. You never genocided any monsters. You never polymorphed an object. You never changed form. You used no wishes. You never split a pudding. You never wrote Elbereth's name. You violated your moral code, losing 24 points of alignment, starting on turn 545. Dungeon overview: The Dungeons of Doom: levels 1 to 2 Level 1 a fountain a long staircase Level 2 <- You were here a sink History has recorded: On T:1 you entered the Dungeons of Doom to retrieve the Amulet of Yendor! On T:89 you reached level 2 of The Dungeons of Doom. On T:538 you advanced to experience level 2. On T:545 you advanced to experience level 3. Score breakdown: Gold: 107 ( 6917 points) Experience: 3 levels ( 7878 points) Exploration: 2 levels ( 4.08%) ( 4330 points) Discoveries: 0 items ( 0.00%) ( 0 points) Valuables value: (no points given unless you survive) Artifact value: 0 ( 0 points) Variety of kills: 6 monsters ( 1.57%) ( 3764 points) Turncount: 551 turns ( 0 points) Survival: quit (score multiplied by 90%) Total score: 20600 Latest messages: You start equipping your iron skull cap. You are now wearing an iron skull cap. You displace your kitten. You see here a statue of a kobold. You displace your kitten. You see here a banded mail. You stop exploring. You hit the newt. You kill the newt! You see here a newt corpse. A lichen blocks your way. You miss the lichen. (2x) You kill the lichen! Welcome to experience level 2. It eats a newt corpse. You displace your kitten. The spell hits the kitten! You kill the poor kitten! Welcome to experience level 3. You hear the rumble of distant thunder... You see here 25 rocks. Final status: Goodbye wizbiz the Wizard, quit... You quit in The Dungeons of Doom on dungeon level 2 with 20600 points, and 107 pieces of gold, after 551 moves. You were level 3 with a maximum of 22 hit points when you quit.